| TOP OF THE 1ST |
|
Pompano Beach Stingrays batting - Pitching for West Palm Beach Expos : RHP Felipe Lopez
|
|
Pitching: RHP Felipe Lopez
|
|
|
Batting: RHB Jorge Villalobos
|
0-0: Foul Ball, location: 2F 0-1: DOUBLE (Flyball, 8RD, EV 106.3 MPH)
|
|
Batting: SHB Gene Roof
|
0-0: Ground out 6-3 (Groundball, 6, EV 106.3 MPH)
|
|
Batting: RHB Lance Junker
|
0-0: Called Strike 0-1: Foul Ball, location: 2F 0-2: Ball 1-2: Ball 2-2: Fly out, F7 (Flyball, 7S, EV 71.9 MPH)
|
|
Batting: RHB Mark Strucher
|
0-0: Ball 1-0: Foul Ball, location: 2F 1-1: Ball 2-1: Called Strike 2-2: Strikes out swinging
|
| Top of the 1st over - 0 runs, 1 hit, 0 errors, 1 left on base; Pompano Beach 0 - West Palm Beach 0 |
| BOTTOM OF THE 1ST |
|
West Palm Beach Expos batting - Pitching for Pompano Beach Stingrays : RHP Steven Viskas
|
|
Pitching: RHP Steven Viskas
|
|
|
Batting: RHB Roland Oruna
|
0-0: Bunt missed! 0-1: Ball 1-1: Ball 2-1: Ball 3-1: Foul Ball, location: 2F 3-2: Base on Balls
|
|
Batting: RHB Steve Kiefer
|
0-0: Called Strike 0-1: Foul Ball, location: 2F 0-2: Strikes out swinging
|
|
Batting: SHB Terry Pendleton
|
0-0: Ball 1-0: Ball 2-0: Fielders Choice at 2nd, 3-6 (Groundball, 3, EV 106.3 MPH)
|
|
Batting: SHB Mark Pirruccello
|
0-0: Ball 1-0: Ball 2-0: Called Strike 2-1: Reached on error, E8 (Flyball, 8LD, EV 75.6 MPH) Terry Pendleton to third
|
|
Batting: RHB Don Berti
|
0-0: Fly out, F8 (Flyball, 8LD, EV 97.5 MPH)
|
| Bottom of the 1st over - 0 runs, 0 hits, 1 error, 2 left on base; Pompano Beach 0 - West Palm Beach 0 |
| TOP OF THE 2ND |
|
Pompano Beach Stingrays batting - Pitching for West Palm Beach Expos : RHP Felipe Lopez
|
|
Batting: SHB Juan Molina
|
0-0: Ball 1-0: SINGLE (Groundball, 6MD, EV 100.6 MPH)
|
|
Batting: LHB Steve Phillips
|
0-0: DOUBLE (Line Drive, 5D, EV 94.4 MPH) Juan Molina to third
|
|
Batting: SHB Maury Ornest
|
0-0: Ball 1-0: Ball 2-0: DOUBLE (Line Drive, 7LM, EV 110.0 MPH) Juan Molina scores Steve Phillips scores
|
|
Batting: RHB William Waag
|
0-0: Ball 1-0: Ball Wild Pitch! Maury Ornest to third 2-0: Foul Ball, location: 2F 2-1: Ground out 4-3 (Groundball, 4MS, EV 83.8 MPH) Maury Ornest scores
|
|
Batting: RHB Whitney Harry
|
0-0: Called Strike 0-1: Called Strike 0-2: Ball 1-2: Ball 2-2: Ball 3-2: SINGLE (Line Drive, 8RS, EV 104.4 MPH)
|
|
Batting: RHB Jorge Villalobos
|
0-0: Fly out, F4 (Popup, 4, EV 70.6 MPH)
|
|
Batting: SHB Gene Roof
|
0-0: Ball 1-0: SINGLE (Groundball, 6S, EV 74.4 MPH) (infield hit) Whitney Harry to second
|
|
Batting: RHB Lance Junker
|
0-0: Swinging Strike 0-1: Fly out, F5 (Popup, 5SF, EV 83.8 MPH)
|
| Top of the 2nd over - 3 runs, 5 hits, 0 errors, 2 left on base; Pompano Beach 3 - West Palm Beach 0 |
| BOTTOM OF THE 2ND |
|
West Palm Beach Expos batting - Pitching for Pompano Beach Stingrays : RHP Steven Viskas
|
|
Batting: LHB Jesus Alfes
|
0-0: Ball 1-0: SINGLE (Groundball, 25, EV 64.4 MPH) (infield hit)
|
|
Batting: LHB Keith Hughes
|
0-0: Ball 1-0: Fly out, F8 (Flyball, 8RM, EV 75.0 MPH)
|
|
Batting: RHB Matthew Gundelfinger
|
0-0: Fly out, F9 (Flyball, 9S, EV 81.3 MPH)
|
|
Batting: RHB Humberto Cardenas
|
0-0: Ball 1-0: Fly out, F8 (Flyball, 8RM, EV 89.4 MPH)
|
| Bottom of the 2nd over - 0 runs, 1 hit, 0 errors, 1 left on base; Pompano Beach 3 - West Palm Beach 0 |
| TOP OF THE 3RD |
|
Pompano Beach Stingrays batting - Pitching for West Palm Beach Expos : RHP Felipe Lopez
|
|
Batting: RHB Mark Strucher
|
0-0: Ball 1-0: Swinging Strike 1-1: Ground out U3 (Groundball, 34S, EV 78.1 MPH)
|
|
Batting: SHB Juan Molina
|
0-0: Ball 1-0: SINGLE (Groundball, 34D, EV 103.1 MPH)
|
|
Batting: LHB Steve Phillips
|
0-0: Fly out, F9 (Flyball, 89M, EV 91.9 MPH)
|
|
Batting: SHB Maury Ornest
|
0-0: Called Strike 0-1: Ball 1-1: SINGLE (Flyball, 5D, EV 87.5 MPH) Juan Molina to second
|
|
Batting: RHB William Waag
|
0-0: Called Strike 0-1: Ground out U3 (Groundball, 3S, EV 73.8 MPH)
|
| Top of the 3rd over - 0 runs, 2 hits, 0 errors, 2 left on base; Pompano Beach 3 - West Palm Beach 0 |
| BOTTOM OF THE 3RD |
|
West Palm Beach Expos batting - Pitching for Pompano Beach Stingrays : RHP Steven Viskas
|
|
Batting: RHB Roland Oruna
|
0-0: Ground out 6-3 (Groundball, P, EV 86.3 MPH)
|
|
Batting: RHB Steve Kiefer
|
0-0: Ball 1-0: Foul Ball, location: 2F 1-1: Swinging Strike 1-2: Ground out 5-3 (Groundball, 56S, EV 70.6 MPH)
|
|
Batting: SHB Terry Pendleton
|
0-0: Called Strike 0-1: Ball 1-1: Swinging Strike 1-2: Ball 2-2: Foul Ball, location: 2F 2-2: Ball 3-2: Fly out, F8 (Flyball, 8LM, EV 87.5 MPH)
|
| Bottom of the 3rd over - 0 runs, 0 hits, 0 errors, 0 left on base; Pompano Beach 3 - West Palm Beach 0 |
| TOP OF THE 4TH |
|
Pompano Beach Stingrays batting - Pitching for West Palm Beach Expos : RHP Felipe Lopez
|
|
Batting: RHB Whitney Harry
|
0-0: Foul Ball, location: 2F 0-1: Ball 1-1: Ball 2-1: Ball 3-1: Ground out 6-3 (Groundball, 6S, EV 83.8 MPH)
|
|
Batting: RHB Jorge Villalobos
|
0-0: Foul Ball, location: 2F 0-1: Ball 1-1: Ball 2-1: Fly out, F6 (Line Drive, 6, EV 73.8 MPH)
|
|
Batting: SHB Gene Roof
|
0-0: Called Strike 0-1: Fly out, F9 (Flyball, 9LM, EV 88.1 MPH)
|
| Top of the 4th over - 0 runs, 0 hits, 0 errors, 0 left on base; Pompano Beach 3 - West Palm Beach 0 |
| BOTTOM OF THE 4TH |
|
West Palm Beach Expos batting - Pitching for Pompano Beach Stingrays : RHP Steven Viskas
|
|
Batting: SHB Mark Pirruccello
|
0-0: Called Strike 0-1: Foul Ball, location: 2F 0-2: Fly out, F9 (Flyball, 9LS, EV 86.9 MPH)
|
|
Batting: RHB Don Berti
|
0-0: Ground out U3 (Groundball, 3S, EV 77.5 MPH)
|
|
Batting: LHB Jesus Alfes
|
0-0: Foul Ball, location: 2F 0-1: Foul Ball, location: 2F 0-2: Ball 1-2: Foul Ball, location: 2F 1-2: Strikes out looking
|
| Bottom of the 4th over - 0 runs, 0 hits, 0 errors, 0 left on base; Pompano Beach 3 - West Palm Beach 0 |
| TOP OF THE 5TH |
|
Pompano Beach Stingrays batting - Pitching for West Palm Beach Expos : RHP Felipe Lopez
|
|
Pitching: RHP Francis McQuade
|
|
|
Batting: RHB Lance Junker
|
0-0: Called Strike 0-1: Called Strike 0-2: Fly out, F8 (Flyball, 78D, EV 98.1 MPH)
|
|
Batting: RHB Mark Strucher
|
0-0: Called Strike 0-1: Foul Ball, location: 2F 0-2: Foul Ball, location: 2F 0-2: Foul Ball, location: 2F 0-2: Fly out, F7 (Flyball, 7LS, EV 83.1 MPH)
|
|
Batting: SHB Juan Molina
|
0-0: Foul Ball, location: 2F 0-1: Ground out U3 (Groundball, 3, EV 83.1 MPH)
|
| Top of the 5th over - 0 runs, 0 hits, 0 errors, 0 left on base; Pompano Beach 3 - West Palm Beach 0 |
| BOTTOM OF THE 5TH |
|
West Palm Beach Expos batting - Pitching for Pompano Beach Stingrays : RHP Steven Viskas
|
|
Batting: LHB Keith Hughes
|
0-0: Swinging Strike 0-1: Ball 1-1: Ball 2-1: Ball 3-1: Base on Balls
|
|
Batting: RHB Matthew Gundelfinger
|
0-0: Sac Bunt to 23 - play at first, batter OUT! 3-4 Keith Hughes to second
|
|
Batting: RHB Humberto Cardenas
|
0-0: Ground out 5-3 (Groundball, 56, EV 98.8 MPH)
|
|
Batting: RHB Roland Oruna
|
0-0: Ball 1-0: Foul Ball, location: 2F 1-1: SINGLE (Line Drive, 89M, EV 106.9 MPH) Keith Hughes to third Runner from 3rd tries for Home, SAFE, throw by RF to home Roland Oruna to second
|
|
Batting: RHB Steve Kiefer
|
0-0: Ball 1-0: Ball 2-0: SINGLE (Line Drive, 9S, EV 94.4 MPH) Roland Oruna to third Runner from 3rd tries for Home, SAFE, throw by RF to home Steve Kiefer to second
|
|
Batting: SHB Terry Pendleton
|
0-0: Called Strike 0-1: SINGLE (Line Drive, 6D, EV 108.8 MPH) Steve Kiefer to third Runner from 3rd tries for Home, throw by CF and OUT! 8-2
|
| Bottom of the 5th over - 2 runs, 3 hits, 0 errors, 1 left on base; Pompano Beach 3 - West Palm Beach 2 |
| TOP OF THE 6TH |
|
Pompano Beach Stingrays batting - Pitching for West Palm Beach Expos : RHP Francis McQuade
|
|
Batting: LHB Steve Phillips
|
0-0: Ball 1-0: Ball 2-0: Swinging Strike 2-1: Foul Ball, location: 2F 2-2: Strikes out looking
|
|
Batting: SHB Maury Ornest
|
0-0: Swinging Strike 0-1: Called Strike 0-2: Strikes out swinging
|
|
Batting: RHB William Waag
|
0-0: Ball 1-0: Ball 2-0: Called Strike 2-1: Ground out 3-1 (Groundball, 34, EV 104.4 MPH)
|
| Top of the 6th over - 0 runs, 0 hits, 0 errors, 0 left on base; Pompano Beach 3 - West Palm Beach 2 |
| BOTTOM OF THE 6TH |
|
West Palm Beach Expos batting - Pitching for Pompano Beach Stingrays : RHP Steven Viskas
|
|
Batting: SHB Mark Pirruccello
|
0-0: Foul Ball, location: 2F 0-1: Called Strike 0-2: Foul Ball, location: 2F 0-2: Fly out, F6 (Popup, 15, EV 83.1 MPH)
|
|
Batting: RHB Don Berti
|
0-0: Foul Ball, location: 2F 0-1: Foul Ball, location: 2F 0-2: Ball 1-2: Fly out, F8 (Flyball, 8RD, EV 88.1 MPH)
|
|
Batting: LHB Jesus Alfes
|
0-0: Ball 1-0: Ground out 5-3 (Groundball, 56, EV 106.9 MPH)
|
| Bottom of the 6th over - 0 runs, 0 hits, 0 errors, 0 left on base; Pompano Beach 3 - West Palm Beach 2 |
| TOP OF THE 7TH |
|
Pompano Beach Stingrays batting - Pitching for West Palm Beach Expos : RHP Francis McQuade
|
|
Batting: RHB Whitney Harry
|
0-0: Ball 1-0: Swinging Strike 1-1: Swinging Strike 1-2: Ball 2-2: Fly out, F2 (Popup, 23F, EV 81.9 MPH)
|
|
Batting: RHB Jorge Villalobos
|
0-0: Called Strike 0-1: Ball 1-1: Hit by Pitch
|
|
Batting: SHB Gene Roof
|
0-0: Ball Jorge Villalobos steals 2nd base (no throw) 1-0: Ball 2-0: Ball 3-0: Base on Balls
|
|
Batting: RHB Lance Junker
|
0-0: Ball 1-0: Foul Ball, location: 2F 1-1: Ball 2-1: 3-RUN HOME RUN (Flyball, 9D, EV 111.3 MPH), Distance : 354 ft
|
|
Pitching: LHP Elmer Cavner
|
|
|
Batting: RHB Mark Strucher
|
0-0: Called Strike 0-1: Swinging Strike 0-2: Ball 1-2: DOUBLE (Groundball, 5L, EV 102.5 MPH)
|
|
Batting: SHB Juan Molina
|
0-0: Called Strike 0-1: Ground out 5-3 (Groundball, 5, EV 84.4 MPH)
|
|
Batting: LHB Steve Phillips
|
0-0: Ball 1-0: Called Strike 1-1: Foul Ball, location: 2F 1-2: Ball 2-2: Ground out 3-1 (Groundball, 34S, EV 85.6 MPH)
|
| Top of the 7th over - 3 runs, 2 hits, 0 errors, 1 left on base; Pompano Beach 6 - West Palm Beach 2 |
| BOTTOM OF THE 7TH |
|
West Palm Beach Expos batting - Pitching for Pompano Beach Stingrays : RHP Steven Viskas
|
|
Batting: LHB Keith Hughes
|
0-0: Called Strike 0-1: Foul Ball, location: 2F 0-2: Ball 1-2: Ball 2-2: Ball 3-2: Fly out, F7 (Flyball, 7, EV 76.3 MPH)
|
|
Batting: RHB Matthew Gundelfinger
|
0-0: Ball 1-0: Ball 2-0: Swinging Strike 2-1: Foul Ball, location: 2F 2-2: Foul Ball, location: 2F 2-2: Ball 3-2: Base on Balls
|
|
Batting: RHB Humberto Cardenas
|
0-0: Ball 1-0: Ball 2-0: Called Strike 2-1: Ball 3-1: Called Strike 3-2: Base on Balls Matthew Gundelfinger to second
|
|
Batting: RHB Roland Oruna
|
0-0: Called Strike 0-1: Foul Ball, location: 2F 0-2: Strikes out swinging
|
|
Batting: RHB Steve Kiefer
|
0-0: Called Strike 0-1: Ball 1-1: 3-RUN HOME RUN (Flyball, 7D, EV 103.1 MPH), Distance : 363 ft
|
|
Batting: SHB Terry Pendleton
|
0-0: Ball 1-0: Called Strike 1-1: Ground out 6-3 (Groundball, 6M, EV 87.5 MPH)
|
| Bottom of the 7th over - 3 runs, 1 hit, 0 errors, 0 left on base; Pompano Beach 6 - West Palm Beach 5 |
| TOP OF THE 8TH |
|
Pompano Beach Stingrays batting - Pitching for West Palm Beach Expos : LHP Elmer Cavner
|
|
Batting: SHB Maury Ornest
|
0-0: Ball 1-0: Ball 2-0: Foul Ball, location: 2F 2-1: Ball 3-1: SOLO HOME RUN (Flyball, 7D, EV 100.6 MPH), Distance : 373 ft
|
|
Batting: RHB William Waag
|
0-0: Ball 1-0: Foul Ball, location: 2F 1-1: Foul Ball, location: 2F 1-2: Ball 2-2: Strikes out swinging
|
|
Batting: RHB Whitney Harry
|
0-0: Ball 1-0: Swinging Strike 1-1: Ground out 6-3 (Groundball, 6, EV 85.0 MPH)
|
|
Batting: RHB Jorge Villalobos
|
0-0: Called Strike 0-1: Ground out 6-3 (Groundball, 6, EV 101.9 MPH)
|
| Top of the 8th over - 1 run, 1 hit, 0 errors, 0 left on base; Pompano Beach 7 - West Palm Beach 5 |
| BOTTOM OF THE 8TH |
|
West Palm Beach Expos batting - Pitching for Pompano Beach Stingrays : RHP Steven Viskas
|
|
Batting: SHB Mark Pirruccello
|
0-0: Ball 1-0: Ball 2-0: Called Strike 2-1: Swinging Strike 2-2: Foul Ball, location: 2F 2-2: Foul Ball, location: 2F 2-2: SINGLE (Line Drive, 78S, EV 101.9 MPH)
|
|
Batting: RHB Don Berti
|
0-0: Called Strike 0-1: Ball 1-1: Ball 2-1: Fly out, F8 (Line Drive, 8LM, EV 90.6 MPH)
|
|
Batting: LHB Jesus Alfes
|
0-0: Ball 1-0: Ball 2-0: Ball 3-0: Called Strike 3-1: Foul Ball, location: 2F 3-2: Foul Ball, location: 2F 3-2: Fly out, F8 (Line Drive, 8RM, EV 86.3 MPH)
|
|
Batting: LHB Keith Hughes
|
0-0: Ball 1-0: Foul Ball, location: 2F 1-1: DOUBLE (Flyball, 78XD, EV 103.8 MPH) Mark Pirruccello to third Runner from 3rd tries for Home, SAFE, throw by CF to home
|
|
Pitching: RHP Don Kainer
|
|
|
Batting: RHB Matthew Gundelfinger
|
0-0: Ball 1-0: Called Strike 1-1: Called Strike 1-2: Foul Ball, location: 2F 1-2: Ball 2-2: Ball 3-2: Foul Ball, location: 2F 3-2: Foul Ball, location: 2F 3-2: Foul Ball, location: 2F 3-2: Base on Balls
|
|
Batting: RHB Humberto Cardenas
|
0-0: Ball 1-0: Ball 2-0: Ball 3-0: Called Strike 3-1: Foul Ball, location: 2F 3-2: Fly out, F8 (Flyball, 89S, EV 83.8 MPH)
|
| Bottom of the 8th over - 1 run, 2 hits, 0 errors, 2 left on base; Pompano Beach 7 - West Palm Beach 6 |
| TOP OF THE 9TH |
|
Pompano Beach Stingrays batting - Pitching for West Palm Beach Expos : LHP Elmer Cavner
|
|
Pitching: RHP Michael Vint
|
|
|
Batting: SHB Gene Roof
|
0-0: Ball 1-0: Foul Ball, location: 2F 1-1: Foul Ball, location: 2F 1-2: Fly out, F8 (Line Drive, 8LM, EV 90.0 MPH)
|
|
Batting: RHB Lance Junker
|
0-0: Ground out 4-3 (Groundball, 4, EV 81.3 MPH)
|
|
Batting: RHB Mark Strucher
|
0-0: Ground out 4-3 (Groundball, 4MS, EV 70.0 MPH)
|
| Top of the 9th over - 0 runs, 0 hits, 0 errors, 0 left on base; Pompano Beach 7 - West Palm Beach 6 |
| BOTTOM OF THE 9TH |
|
West Palm Beach Expos batting - Pitching for Pompano Beach Stingrays : RHP Don Kainer
|
|
Batting: RHB Roland Oruna
|
0-0: Called Strike 0-1: Called Strike 0-2: Strikes out looking
|
|
Batting: RHB Steve Kiefer
|
0-0: Ball 1-0: Swinging Strike 1-1: Ball 2-1: Ball 3-1: Base on Balls
|
|
Batting: SHB Terry Pendleton
|
0-0: Ball 1-0: Called Strike 1-1: Foul Ball, location: 2F 1-2: Foul Ball, location: 2F 1-2: SINGLE (Line Drive, 9S, EV 106.9 MPH) Steve Kiefer to second
|
|
Batting: SHB Mark Pirruccello
|
0-0: Ball 1-0: Ball 2-0: Foul Ball, location: 2F 2-1: Fly out, F5 (Popup, 5F, EV 62.5 MPH)
|
|
Batting: RHB Don Berti
|
0-0: Called Strike 0-1: Fly out, F9 (Flyball, 89S, EV 96.3 MPH)
|
| Bottom of the 9th over - 0 runs, 1 hit, 0 errors, 2 left on base; Pompano Beach 7 - West Palm Beach 6 |
|